 Dungeon Crawl Stone Soup version 0.31.0-1-g2c135a008e (webtiles) character file.

Game seed: 8212505815140227012

1558 qw the Shooter (level 9, 0/65 HPs)
             Began as a Djinni Hunter on Jan 24, 2024.
             Was a Follower of Okawaru.
             Incinerated by a bombardier beetle (1 damage)
             ... with a burning spray
             ... on level 5 of the Dungeon.
             The game lasted 00:00:24 (5964 turns).

qw the Shooter (Djinni Hunter)                      Turns: 5964, Time: 00:00:24

Health: 0/65       AC:  3    Str: 13    XL:     9   Next: 12%
Gold:   176        EV: 14    Int: 14    God:    Okawaru [*.....] SH:  0 Dex: 18

rFire   + + .        a - +0 shortbow
rCold   . . .        (shield currently unavailable)
rNeg    . . .        e - +0 leather armour "Gacy" {rElec rC+ Str+3 Int+2}
rPois   inf          (no helmet)
rElec   +            (no cloak)
rCorr   .            (no gloves)
SInv    .            (boots unavailable)
Will    .....        (no amulet)
Stlth   +            (no ring)
HPRegen 0.30/turn    (no ring)
MPRegen 0.00/turn

%: infuse magic (-1 HP)
@: on fire, flying, glowing
A: sickness immunity, fire resistance 2, cold vulnerability 1, float, innate
caster, HP casting, extra vitality 1, clumsy 1
a: Renounce Religion, Heroism


You were on level 5 of the Dungeon.
You worshipped Okawaru.
Okawaru was aware of your devotion.
You visited 1 branch of the dungeon, and saw 5 of its levels.
You also visited: Sewer.

You collected 274 gold pieces.
You spent 98 gold pieces at shops.


Innate Abilities, Weirdness & Mutations

You are immune to sickness and miasma.
You are immune to poison.
Your flesh is very heat resistant. (rF++)
You are vulnerable to cold. (rC-)
You float through the air rather than walking.
You learn spells naturally, not from books.
Your magical power is your life essence.
You have superior vitality. (+4 MHP)
You are clumsy. (Dex -2)


   Skills:
 - Level 5.1 Fighting
 - Level 7.4 Ranged Weapons
 - Level 1.6 Armour
 + Level 4.8 Dodging
 - Level 0.7 Stealth
 + Level 3.0 Invocations


You knew the following spells:

 Your Spells              Type           Power      Damage    Failure   Level
a - Foxfire               Conj/Fire      0%         2x1d4     36%         1
b - Call Imp              Summ           0%         N/A       50%         2
c - Jinxbite              Hex            0%         N/A       50%         2
d - Leda's Liquefaction   Alch/Erth      0%         N/A       98%         4
Your spell library was empty.

Inventory:

Hand Weapons
 a - a +0 shortbow (weapon)
Armour
 e - the +0 leather armour "Gacy" (worn) {rElec rC+ Str+3 Int+2}
   (You found it on level 3 of the Dungeon)

   Str+3:     It affects your strength (+3).
   Int+2:     It affects your intelligence (+2).
   rC+:       It protects you from cold.
   rElec:     It insulates you from electricity.
 l - the +0 leather armour of Weciupsi {Str+5 Slay+2}
   (You found it on level 2 of the Dungeon)

   Str+5:     It affects your strength (+5).
   Slay+2:    It affects your accuracy & damage with ranged weapons and melee
   (+2).
Scrolls
 d - a scroll of enchant armour
 n - 2 scrolls of amnesia {unknown}
Potions
 c - a potion of haste {unknown}
 f - a potion of experience {unknown}
 g - a potion of mutation
 h - 3 potions of curing
 i - a potion of might
 k - a potion of attraction {unknown}
 m - a potion of resistance {unknown}

Dungeon Overview and Level Annotations

Branches:
Dungeon (5/15)              Sewer (visited)
 Temple: D:4-7

Altars:
Dithmenos
Elyvilon
Fedhas
Makhleb
Okawaru
Uskayaw
The Shining One

Shops:
D:3 ?

Annotations:
D:5 2 transporters, qw's ghost, novice DjHu


Message History

The bombardier beetle barely misses you.
You shoot an arrow. The arrow hits the lemure.
You kill the lemure!
That felt strangely unrewarding.
The liquid fire burns you! The lemure hits you.
You shoot an arrow. The arrow barely misses the lemure.
The liquid fire burns you!
Your surroundings suddenly seem different.
You are on fire!
The liquid fire burns you!
You are on fire!
The liquid fire burns you!
You are on fire!
The liquid fire burns you!
You are on fire!
The liquid fire burns you!
You are on fire!
The liquid fire burns you!
You are on fire!
The liquid fire burns you!
You are on fire!
The liquid fire burns you!
You are on fire!
The liquid fire burns you!
You are on fire!
The liquid fire burns you!
You are on fire!
The liquid fire burns you!
You are on fire!
The liquid fire burns you!
You are on fire!
The liquid fire burns you!
You are on fire!
The liquid fire burns you!
You are on fire!
The liquid fire burns you!
You are on fire!
The liquid fire burns you!
You die...

######### #.......# #.#####.#
##########.# #.#######
#..........# #.......#
#.###.#.##.# #.#####.# #### #.#
#......#####.### #.#######... #.#
#.#............###...........
#.###.#.%##^....@.....>..........
#........####.##.#.####.#####.#.#
#####.##.# #.##.#.# #.# #)..)
#.##.####.##.#.# ##.#####.#.#
#.##...##.##.#.# #..........#
#.####.##.##.#.###..#####.#.# #.#
#.##.##........### #.#.# #.#
#.##.##..........# #.... #.#
#.##.##.# #.#.#.###....


There were no monsters in sight!

Vanquished Creatures
  A wyvern (D:4)
  Menkaure (D:4)
  Duvessa (D:5)
  A black bear (D:5)
  A lemure (D:5)
  2 phantoms
  5 kobold brigands (Sewer)
  Dowan (D:5)
  A bombardier beetle (D:4)
  A jelly (D:5)
  An orc priest (D:5)
  5 hounds (D:5)
  2 iguanas (D:5)
  A sleepcap (D:4)
  An orc wizard (D:5)
  4 gnolls
  8 adders
  2 river rats (Sewer)
  7 ribbon worms
  A dart slug (D:2)
  13 orcs
  10 ball pythons
  12 endoplasms
  6 giant cockroaches
  10 goblins
  8 hobgoblins
  4 jackals (D:3)
  5 bats
  A frilled lizard (D:3)
  10 kobolds
  10 rats
136 creatures vanquished.

Notes
Turn   | Place    | Note
-------+----------+-------------------------------------------
     0 | D:1      | qw the Djinni Hunter began the quest for the Orb.
     0 | D:1      | Reached XP level 1. HP: 18/18 MP: 0/0
     0 | D:1      | 0 ||| qw: Version: 0.3-a-136-gdd3b4e8
     0 | D:1      | 0 ||| qw: Game counter: 1368
     0 | D:1      | 0 ||| qw: Melee chars always use a shield: true
     0 | D:1      | 0 ||| qw: God list: Okawaru
     0 | D:1      | 0 ||| qw: Allow faded altars: false
     0 | D:1      | 0 ||| qw: Do Orc after clearing Dungeon:15 true
     0 | D:1      | 0 ||| qw: Do second Lair branch before Depths: true
     0 | D:1      | 0 ||| qw: Lair rune preference: random
     0 | D:1      | 0 ||| qw: Goals: Normal
     0 | D:1      | 0 ||| PLANNING D:1-11
   165 | D:1      | Reached XP level 2. HP: 23/23 MP: 0/0
   275 | D:1      | Reached XP level 3. HP: 28/28 MP: 0/0
   275 | D:1      | Learned a level 1 spell: Foxfire
   382 | D:1      | Reached skill level 4 in Ranged Weapons
   833 | D:1      | 833 ||| READING 4 scrolls labelled LAKI DADIXT.
   833 | D:1      | 833 ||| IDENTIFYING lumpy amethyst potion
   834 | D:1      | 834 ||| READING 3 scrolls of identify.
   834 | D:1      | 834 ||| IDENTIFYING sedimented silvery potion
   835 | D:1      | 835 ||| DROPPING scroll of butterflies.
   836 | D:1      | 836 ||| DROPPING potion of degeneration.
   861 | D:2      | 861 ||| STAIRDANCE
  1259 | D:2      | Reached XP level 4. HP: 31/34 MP: 0/0
  1284 | D:2      | Reached skill level 3 in Fighting
  1631 | D:2      | Identified the +0 leather armour of Weciupsi {Str+5 Slay+2}
  1868 | D:2      | 1868 ||| UPGRADING to +0 leather armour of Weciupsi {Str+5
                  | Slay+2}.
  1878 | D:2      | 1878 ||| DROPPING +0 leather armour.
  1879 | D:2      | 1879 ||| READING 3 scrolls of identify.
  1879 | D:2      | 1879 ||| IDENTIFYING blue potion
  1880 | D:2      | 1880 ||| READING 2 scrolls of identify.
  1880 | D:2      | 1880 ||| IDENTIFYING sapphire potion
  1881 | D:2      | 1881 ||| READING scroll of identify.
  1881 | D:2      | 1881 ||| IDENTIFYING scroll labelled RAKHICV XASTIA
  1882 | D:2      | 1882 ||| READING 2 scrolls labelled SYUFA MUNESSOUTHRA.
  1887 | D:2      | 1887 ||| READING 3 scrolls labelled PONNENLUNIG.
  1888 | D:2      | 1888 ||| READING scroll labelled GEIZIE TADY.
  1989 | D:2      | 1989 ||| DROPPING potion of brilliance.
  1990 | D:2      | 1990 ||| DROPPING 2 scrolls of fog.
  1991 | D:2      | 1991 ||| DROPPING scroll of poison.
  2090 | D:3      | Reached skill level 3 in Dodging
  2121 | D:3      | Identified the +0 leather armour "Gacy" {rElec rC+ Str+3
                  | Int+2}
  2139 | D:3      | Reached XP level 5. HP: 40/40 MP: 0/0
  2139 | D:3      | Learned a level 2 spell: Call Imp
  2150 | D:3      | HP: 9/40 [gnoll/+0 flail (8)]
  2151 | D:3      | 2151 ||| READING scroll of teleportation.
  2152 | D:3      | 2152 ||| DRINKING potion of heal wounds.
  2380 | D:3      | Found Egulis's Magic Scroll Shop.
  2386 | D:3      | 2386 ||| BUYING scroll of identify (28 gold).
  2386 | D:3      | Bought a scroll of identify for 28 gold pieces
  2386 | D:3      | 2386 ||| BUYING scroll of identify (28 gold).
  2386 | D:3      | Bought a scroll of identify for 28 gold pieces
  2386 | D:3      | 2386 ||| BUYING scroll of teleportation (42 gold).
  2386 | D:3      | Bought a scroll of teleportation for 42 gold pieces
  2541 | D:3      | Found a faded altar of an unknown god.
  2551 | D:3      | Found a white marble altar of Elyvilon.
  2553 | D:3      | Found a glowing golden altar of the Shining One.
  2555 | D:3      | Found a hide-covered altar of Uskayaw.
  3071 | D:3      | 3071 ||| UPGRADING to +0 leather armour "Gacy" {rElec rC+
                  | Str+3 Int+2}.
  3081 | D:3      | 3081 ||| READING 5 scrolls of identify.
  3081 | D:3      | 3081 ||| IDENTIFYING glowing brown potion
  3082 | D:3      | 3082 ||| READING 4 scrolls of identify.
  3082 | D:3      | 3082 ||| IDENTIFYING scroll labelled SEHEOR JA WOPTE
  3083 | D:3      | 3083 ||| READING 3 scrolls of identify.
  3083 | D:3      | 3083 ||| IDENTIFYING scroll labelled MUAZXEL SOTE
  3084 | D:3      | 3084 ||| READING 2 scrolls of identify.
  3084 | D:3      | 3084 ||| IDENTIFYING scroll labelled GEHIRCH MAJYEFERR
  3085 | D:3      | 3085 ||| READING scroll of identify.
  3085 | D:3      | 3085 ||| IDENTIFYING scroll labelled EMYWILU PYUS
  3086 | D:3      | 3086 ||| READING scroll labelled WIMEEL BIRUNN.
  3087 | D:3      | 3087 ||| DROPPING scroll of noise.
  3088 | D:3      | 3088 ||| DROPPING scroll of torment.
  3089 | D:3      | 3089 ||| DROPPING scroll of blinking.
  3090 | D:3      | 3090 ||| DROPPING potion of ambrosia.
  3158 | D:4      | 3158 ||| PLANNING SEWER
  3206 | D:4      | Noticed a wyvern
  3207 | D:4      | 3207 ||| ZAPPING wand of quicksilver (5) at 0,6 (wyvern;
                  | floor).
  3208 | D:4      | 3208 ||| ZAPPING wand of quicksilver (4) at 0,4 (wyvern;
                  | floor).
  3208 | D:4      | Killed a wyvern
  3209 | D:4      | Reached skill level 5 in Ranged Weapons
  3209 | D:4      | Reached XP level 6. HP: 46/46 MP: 0/0
  3245 | D:4      | Found an iron altar of Okawaru.
  3294 | D:4      | Found a shadowy altar of Dithmenos.
  3670 | D:4      | Found a glowing drain.
  3679 | D:4      | 3679 ||| READING scroll of identify.
  3679 | D:4      | 3679 ||| IDENTIFYING yellow potion
  3680 | D:4      | 3680 ||| DROPPING potion of lignification.
  3685 | Sewer    | Entered a sewer
  3814 | Sewer    | Reached XP level 7. HP: 43/52 MP: 0/0
  3814 | Sewer    | Learned a level 2 spell: Jinxbite
  4131 | Sewer    | Reached skill level 6 in Ranged Weapons
  4394 | Sewer    | Reached XP level 8. HP: 58/58 MP: 0/0
  4416 | Sewer    | 4416 ||| DRINKING 2 white potions.
  4416 | Sewer    | Gained mutation: You are clumsy. (Dex -2) [potion of
                  | mutation]
  4443 | D:4      | 4443 ||| PLANNING OKAWARU WORSHIP
  4497 | D:4      | Became a worshipper of Warmaster Okawaru
  4498 | D:4      | 4498 ||| PLANNING D:1-11
  4865 | D:4      | Found a blossoming altar of Fedhas.
  4884 | D:4      | 4884 ||| DRINKING 2 red potions.
  4905 | D:5      | Entered Level 5 of the Dungeon
  4905 | D:5      | Noticed Menkaure
  4906 | D:5      | 4906 ||| STAIRDANCE
  4914 | D:4      | 4914 ||| ZAPPING wand of quicksilver (3) at 0,1 (Menkaure;
                  | floor).
  4915 | D:4      | 4915 ||| ZAPPING wand of quicksilver (2) at 0,1 (Menkaure;
                  | floor).
  4915 | D:4      | Killed Menkaure
  5053 | D:5      | 5053 ||| STAIRDANCE
  5060 | D:4      | Reached skill level 7 in Ranged Weapons
  5155 | D:5      | 5155 ||| FLEEEEING.
  5267 | D:5      | Found a burning altar of Makhleb.
  5448 | D:5      | Reached * piety under Okawaru
  5449 | D:5      | Reached skill level 1 in Armour
  5553 | D:5      | 5553 ||| ZAPPING wand of quicksilver (1) at -1,0 (black
                  | bear; floor).
  5554 | D:5      | Reached skill level 1 in Invocations
  5578 | D:5      | Noticed Duvessa
  5578 | D:5      | Noticed Dowan
  5582 | D:5      | 5582 ||| RETREEEEATING.
  5583 | D:5      | 5583 ||| RETREEEEATING.
  5584 | D:5      | 5584 ||| RETREEEEATING.
  5585 | D:5      | 5585 ||| RETREEEEATING.
  5586 | D:5      | 5586 ||| RETREEEEATING.
  5587 | D:5      | 5587 ||| RETREEEEATING.
  5588 | D:5      | 5588 ||| RETREEEEATING.
  5589 | D:5      | 5589 ||| RETREEEEATING.
  5590 | D:5      | 5590 ||| RETREEEEATING.
  5591 | D:5      | 5591 ||| RETREEEEATING.
  5592 | D:5      | 5592 ||| RETREEEEATING.
  5602 | D:5      | 5602 ||| INVOKING Heroism.
  5614 | D:5      | Killed Duvessa
  5615 | D:5      | Reached XP level 9. HP: 21/65 MP: 0/0
  5615 | D:5      | Learned a level 4 spell: Leda's Liquefaction
  5618 | D:5      | HP: 16/65 [Dowan/+0 dagger (1)]
  5619 | D:5      | 5619 ||| READING scroll of teleportation.
  5620 | D:5      | Killed Dowan
  5782 | D:5      | Found a transporter.
  5786 | D:5      | Noticed qw's ghost (novice DjHu)
  5801 | D:5      | Found a transporter.
  5917 | D:5      | Reached skill level 3 in Invocations
  5946 | D:5      | HP: 16/65 [bombardier beetle (2)]
  5947 | D:5      | 5947 ||| READING scroll of teleportation.
  5951 | D:5      | HP: 8/65 [burnt (1)]
  5956 | D:5      | HP: 6/65 [burnt (1)]
  5961 | D:5      | HP: 2/65 [burnt (2)]
  5964 | D:5      | Incinerated by a bombardier beetle

Levels and vault maps discovered:
D:1:      mrwooster_arrival_arrow, layout_loops_corners
D:2:      layout_basic, uniq_crazy_yiuf_cottage
D:3:      layout_loops_corners, chequers_temple_overflow_minitemple,
          serial_shops, shop, st_stairs_8, guppyfry_early_orc_mine
D:4:      layout_rooms, okawaru_metal_pillars_1_2, marbit_many_paths,
          nicolae_dithmenos_through_a_glass_darkly, portal_sewer_entry_e,
          minmay_tree_intersection, kennysheep_small_square
D:5:      layout_loops_ring, general_overflow_altar, gammafunk_ghost_stat_death,
          uniq_duvessa, uniq_menkaure, uniq_pikel

Skill      XL: |  1  2  3  4  5  6  7  8  9 |
---------------+----------------------------+-----
Ranged Weapons | 4 5 6 7 |  7.4
Fighting       | 3 4 5 |  5.1
Dodging        | 3 4 |  4.8
Armour         | 1 |  1.6
Invocations    | 2 3 |  3.0
Stealth        | |  0.7

Action                     |  1- 3 |  4- 6 |  7- 9 || total
---------------------------+-------+-------+-------++-------
   Fire: Shortbow          |    72 |   185 |   300 ||   557
 Invoke: Heroism           |       |       |     1 ||     1
  Evoke: Wand              |       |     2 |     3 ||     5
    Use: Scroll            |     2 |    14 |     2 ||    18
         Potion            |       |     1 |     2 ||     3
 Armour: Leather armour    |    20 |    34 |   108 ||   162
  Dodge: Dodged            |    32 |    47 |   113 ||   192

Table legend:
 A = Non-vault XP
 B = Vault XP
 C = Vault XP percentage of total XP
 D = Non-vault monster count
 E = Vault monster count
 F = Vault count percentage of total count
                 A         B        C        D         E       F
            +---------+---------+-------+---------+---------+-------
      Total |    1202 |    1025 |  46.0 |      84 |      51 |  37.8
            +---------+---------+-------+---------+---------+-------
        D:1 |      51 |       0 |   0.0 |      15 |       0 |   0.0
        D:2 |      70 |       0 |   0.0 |      21 |       0 |   0.0
        D:3 |      69 |      19 |  21.6 |      16 |       8 |  33.3
        D:4 |     326 |     227 |  41.0 |      13 |      13 |  50.0
        D:5 |     686 |     211 |  23.5 |      19 |       2 |   9.5
      Sewer |       0 |     568 | 100.0 |       0 |      28 | 100.0
            +---------+---------+-------+---------+---------+-------
